 Dungeon Crawl Stone Soup version 0.13.1-19-g4b9377e (console) character file.

670 schraubchen the Ducker (level 6, 0/28 HPs)
             Began as a Felid Monk on Dec 11, 2013.
             Killed from afar by an orc wizard (3 damage)
             ... with a magic dart
             ... on Level 4 of the Dungeon on Dec 23, 2013.
             The game lasted 01:34:47 (6805 turns).

schraubchen the Ducker (Felid Monk)                 Turns: 6805, Time: 01:34:48

HP   0/28        AC  2     Str 16      XL: 6   Next: 96%
MP   0/9         EV 23     Int 11      God:
Gold 167         SH  0     Dex 19      Spells:  0 memorised,  5 levels left
Lives: 0, deaths: 1

Res.Fire  : . . .   See Invis. : +     - Unarmed
Res.Cold  : . . .   Warding    : .   (armour unavailable)
Life Prot.: . . .   Conserve   : .   (shield unavailable)
Res.Poison: .       Res.Corr.  : .   (helmet unavailable)
Res.Elec. : .       Clarity    : .   (cloak unavailable)
Sust.Abil.: . .     Spirit.Shd : +   (gloves unavailable)
Res.Mut.  : .       Stasis     : .   (boots unavailable)
Res.Rott. : .       Flight     : .   g - amulet of guardian spirit
Saprovore : . . .                    j - +5 ring of strength
                                     c - cursed ring of hunger

@: slowed, slow, somewhat resistant to hostile enchantments, very stealthy
A: paw claws, no armour, no advanced items, fangs 3, see invisible, blink 1,
carnivore 3, speed 1, slow metabolism 1, AC +2, Str +2
a: Blink


You were on level 4 of the Dungeon.
You were not hungry.

You visited 1 branch of the dungeon, and saw 6 of its levels.

You collected 167 gold pieces.

Inventory:

Comestibles
 b - 2 meat rations
Scrolls
 d - a scroll of fog {unknown}
 l - 2 scrolls of identify
 m - a scroll of fear
 n - 2 scrolls of random uselessness {unknown}
Jewellery
 c - a cursed ring of hunger (left paw)
 g - an amulet of guardian spirit (around neck)
 h - an uncursed ring of protection from magic {unknown}
 j - a +5 ring of strength (right paw)
 k - an uncursed ring of see invisible
Potions
 a - a potion of heal wounds
 e - a potion of confusion {unknown}
 f - 2 potions of agility
 i - a potion of curing
Books
 o - a Young Poisoner's Handbook

   Spells                             Type                      Level
   Sting                              Conjuration/Poison           1
   Cure Poison                        Poison                       2
   Mephitic Cloud                     Conjuration/Poison/Air       3
   Olgreb's Toxic Radiance            Poison                       4
   Venom Bolt                         Conjuration/Poison           5


   Skills:
 * Level 4.1 Fighting
 + Level 6.7 Dodging
 + Level 5.0 Stealth
 + Level 5.3 Unarmed Combat


You had 5 spell levels left.
You didn't know any spells.

Dungeon Overview and Level Annotations

Branches:
Dungeon (6/27)
 Temple: D:4-7          Orc: D:6-11

Altars:
Makhleb
Okawaru
Trog
Yredelemnul

Annotations:
D:4 Lilouch's ghost, average DsCK


Innate Abilities, Weirdness & Mutations

You cannot wear armour.
You are incapable of any advanced item manipulation.
Your paws have sharp claws.
You have razor-sharp teeth.
You have supernaturally acute eyesight.
You are carnivorous and can eat meat at any time.
You cover ground quickly.
You are covered in thick fur (AC +2).
You have a slow metabolism.
You can translocate small distances at will.
Your muscles are strong. (Str +2)


Message History

There is a stone staircase leading down here.
There is a stone staircase leading up here.
The orc wizard gestures at you while chanting.
You feel yourself slow down.
The orc wizard points at you and mumbles some strange words.
The magic dart hits you!
The orc priest becomes somewhat translucent.
Use which ability? (? or * to list)
You blink.
You feel slightly more hungry. The orc wizard casts a spell at you.
The magic dart hits you!
* * * LOW HITPOINT WARNING * * *
The orc wizard gestures wildly while chanting.
The orc wizard seems to speed up.
The orc wizard casts a spell at you. The magic dart hits you!
* * * LOW HITPOINT WARNING * * *
The orc wizard casts a spell at you. The magic dart hits you!
You die...

#####################
#....................
#....................
#....................
#....................
#..........>.?.......
#...@................
#....................
#.........o..........
#........o...........
#...................[
#....................
#####################


You could see an orc wizard and an orc.

Vanquished Creatures
  An ogre (D:4)
  Blork the orc (D:5)
  An orc priest (D:3)
  2 orc wizards (D:3)
  A scorpion (D:4)
  3 worker ants
  Ijyb (D:2)
  Jessica (D:2)
  A worker ant zombie (D:2)
  7 adders
  4 worms
  4 giant geckos
  An ooze (D:5)
  19 orcs
  3 ball pythons
  5 goblins
  14 hobgoblins
  6 jackals
  2 quokkas (D:3)
  8 bats
  3 giant cockroaches
  3 giant newts
  13 kobolds
  8 rats
112 creatures vanquished.

Notes
Turn   | Place    | Note
--------------------------------------------------------------
     0 | D:1      | schraubchen, the Felid Monk, began the quest for the Orb.
     0 | D:1      | Reached XP level 1. HP: 9/9 MP: 1/1
   502 | D:1      | Reached XP level 2. HP: 13/13 MP: 2/2
  1139 | D:2      | Reached XP level 3. HP: 2/16 MP: 4/4
  1538 | D:2      | Found an iron altar of Okawaru.
  1781 | D:2      | Noticed Jessica
  1859 | D:2      | Killed Jessica
  1859 | D:2      | Reached skill level 5 in Dodging
  1859 | D:2      | Reached XP level 4. HP: 10/20 MP: 1/6
  2130 | D:2      | Noticed Ijyb
  2184 | D:2      | Killed Ijyb
  2364 | D:2      | Gained mutation: Your muscles are strong. (Str +2) [potion of mutation]
  2364 | D:2      | Gained mutation: You can translocate small distances at will. [potion of mutation]
  2707 | D:2      | You fall through a shaft!
  2737 | D:3      | Reached XP level 5. HP: 16/23 MP: 7/7
  3208 | D:3      | Killed from afar by an orc priest
  3209 | D:3      | Reached XP level 4. HP: -7/20 MP: 0/6
  3356 | D:3      | Found a basalt altar of Yredelemnul.
  3543 | D:3      | Reached XP level 5. HP: 23/23 MP: 7/7
  4009 | D:3      | Found a bloodstained altar of Trog.
  4718 | D:3      | Reached skill level 6 in Dodging
  4835 | D:3      | Found a burning altar of Makhleb.
  5558 | D:4      | Noticed Lilouch's ghost (average DsCK)
  5602 | D:3      | Upgraded the game from 0.13.1-2-gfb2c2b7 to 0.13.1-19-g4b9377e
  5709 | D:4      | Gained mutation: You are covered in thick fur (AC +2). [growing up]
  5709 | D:4      | Reached XP level 6. HP: 25/27 MP: 9/9
  5794 | D:4      | Noticed an ogre
  5805 | D:4      | Killed an ogre
  5805 | D:4      | Reached skill level 5 in Unarmed Combat
  6447 | D:5      | Entered Level 5 of the Dungeon
  6648 | D:5      | Noticed Blork the orc
  6665 | D:5      | Killed Blork the orc
  6665 | D:5      | Reached skill level 5 in Stealth
  6805 | D:4      | Killed from afar by an orc wizard

Action                   |  1- 3 |  4- 6 || total
-------------------------+-------+-------++-------
Melee: Unarmed           |   100 |   285 ||   385
 Abil: Blink             |       |     2 ||     2
  Use: Scroll            |     3 |     4 ||     7
       Potion            |     1 |     5 ||     6
 Stab: Sleeping          |    11 |     9 ||    20
       Distracted        |     1 |       ||     1
